 Seeded DCSS version 0.30-a0-715-gdb4ae3e (webtiles) character file.

Game seed: 4834285304442767124 (custom seed)

1684 Illumine the Cudgeller (level 8, -1/65 HPs)
             Began as a Demonspawn Gladiator on Jan 23, 2023.
             Killed from afar by an electric eel (11 damage)
             ... with a bolt of electricity
             ... on level 6 of the Dungeon.
             The game lasted 00:12:32 (5345 turns).

Illumine the Cudgeller (Demonspawn Gladiator)       Turns: 5345, Time: 00:12:32

Health: -1/65      AC: 11    Str: 16    XL:     8   Next: 71%
Magic:  8/8        EV: 16    Int: 11    God:
Gold:   221        SH:  4    Dex: 14    Spells: 7/7 levels left

rFire   . . .      SeeInvis .    a - +0 flail
rCold   . . .      Faith    .    y - +0 buckler
rNeg    . . .      Spirit   .    g - +0 ring mail
rPois   +          Reflect  .    o - +1 helmet
rElec   .          Harm     .    t - +0 cloak
rCorr   .          Rampage  .    (no gloves)
Will    .....                    (no boots)
Stlth   +                        c - amulet of the acrobat
HPRegen 0.30/turn                h - +5 ring of evasion
MPRegen 0.11/turn                D - ring of poison resistance

@: no status effects
A: rugged brown scales 2, ignite blood 1
a: no special abilities


You were on level 6 of the Dungeon.
You visited 1 branch of the dungeon, and saw 6 of its levels.
You also visited: Ossuary.

You collected 221 gold pieces.

Inventory:

Hand Weapons
 a - a +0 flail (weapon)
 s - a +0 dire flail
Missiles
 d - a throwing net (quivered)
 e - 4 javelins
Armour
 g - a +0 ring mail (worn)
 j - the +0 leather armour "Deyxok" {*Corrode Str+3 SInv}
   (You found it on level 5 of the Dungeon)

   Str:       It affects your strength (+3).
   SInv:      It lets you see invisible.
   *Corrode:  It may corrode you when you take damage.
 o - a +1 helmet (worn)
 t - a +0 cloak (worn)
 y - a +0 buckler (worn)
Jewellery
 c - an amulet of the acrobat (around neck)
 h - a +5 ring of evasion (left hand)
 D - a ring of poison resistance (right hand)
Wands
 f - a wand of flame (42)
Scrolls
 k - 4 scrolls of fear
 m - a scroll of vulnerability {unknown}
 n - 2 scrolls of torment
 w - a scroll of amnesia {unknown}
 x - 2 scrolls of teleportation
 z - a scroll of fog {unknown}
 A - a scroll of immolation {unknown}
 C - a scroll of poison {unknown}
 E - 2 scrolls of identify
 F - a scroll of butterflies {unknown}
Potions
 b - 3 potions of might
 i - a potion of haste {unknown}
 l - a potion of magic {unknown}
 p - a potion of mutation {unknown}
 q - 2 potions of flight
 r - a potion of brilliance {unknown}
 u - 6 potions of heal wounds
 v - 3 potions of curing
 B - 3 potions of attraction


   Skills:
 + Level 5.2 Fighting
 * Level 7.0 Maces & Flails
 + Level 4.0 Throwing
 + Level 4.0 Armour
 - Level 3.0 Dodging
 + Level 2.8 Shields


You had 7 spell levels left.
You didn't know any spells.
Your spell library contained the following spells:

 Spells                   Type           Power      Damage    Failure   Level
 Magic Dart               Conj           0%         1d3       65%         1
 Searing Ray              Conj           0%         2d4       78%         2
 Animate Dead             Necr           0%         N/A       100%        4
 Fulminant Prism          Conj/Hex       0%         3d5       100%        4
 Borgnjor's Vile Clutch   Necr/Erth      0%         N/A       100%        5
 Death Channel            Necr           0%         N/A       100%        6


Dungeon Overview and Level Annotations

Branches:
Dungeon (6/15)            Ossuary (visited)
 Temple: D:4-7

Altars:
Cheibriados
Hepliaklqana
Trog

Shops:
D:2 (


Innate Abilities, Weirdness & Mutations

You are mostly covered in rugged brown scales. (AC +2, +5% HP)
Your demonic aura sometimes causes spilled blood to erupt in flames.


Message History

The iguana bites something.
The electric eel shoots out a bolt of lightning at you!
The bolt of electricity hits you!
The white imp hits something.
The white imp freezes something.
You miss the electric eel.
The electric eel is heavily wounded.
The iguana bites something!
The electric eel shoots out a bolt of lightning at you!
The bolt of electricity hits you!
* * * LOW HITPOINT WARNING * * *
The white imp hits something.
The white imp freezes something.
You barely miss the electric eel.
The electric eel is heavily wounded.
The iguana bites something!
The iguana bites something.
You hit the electric eel but do no damage.
The electric eel is heavily wounded.
The electric eel shoots out a bolt of lightning at you!
The bolt of electricity hits you!
* * * LOW HITPOINT WARNING * * *
The iguana bites something!
Throw: 5 javelins
Press: ? - help, Q - select action, (/) - cycle Shift-Dir - straight line, f - electric eel
Aim: an electric eel (heavily wounded, 46% to hit)
You throw a javelin.
The javelin closely misses the electric eel.
The javelin pierces through the plant!
The plant begins to die.
The plant is lightly damaged.
You hear a splash.
The iguana splashes around in the water.
Throw: 2 throwing nets
Press: ? - help, Q - select action, (/) - cycle Shift-Dir - straight line, f/p - electric eel
Aim: an electric eel (heavily wounded, 46% to hit)
You throw a throwing net.
The throwing net closely misses the electric eel.
The throwing net hits the plant.
The net is caught on the plant!
The plant is lightly damaged.
You hear a splash.
The electric eel shoots out a bolt of lightning at you!
The bolt of electricity hits you!
You die...

P~~~.. P~≈P~P♣ ≈≈≈≈~~~ .
~≈≈≈≈~~ # PPP~≈~~
~~~~~~l ..~~~~S♣♣
.......@################
.........†......#.......
~.~~~...#######.#.######
~P~~~~### #.#.# ~~~♣~#
#.#.# ♣♣ ♣# #.#.# #...#
#####


You could see an iguana and an electric eel.

Vanquished Creatures
  An ice beast (D:4)
  2 ogres
  A centaur (D:5)
  2 phantoms
  2 necrophages
  8 scorpions
  A quasit (D:5)
  2 hounds
  A jelly (D:5)
  5 scorpion zombies (Ossuary)
  2 orc wizards (D:6)
  4 mummies
  4 gnolls
  7 adders
  A white imp (D:5)
  An ufetubus (D:5)
  2 worms
  7 dart slugs
  8 orcs
  8 endoplasms
  4 giant cockroaches
  2 gnoll zombies (Ossuary)
  6 goblins
  11 hobgoblins
  8 quokkas
  6 ball pythons
  5 bats
  7 frilled lizards
  A goblin zombie (Ossuary)
  3 hobgoblin zombies (Ossuary)
  8 kobolds
  A kobold zombie (Ossuary)
  3 orc zombies (Ossuary)
  8 rats
  A spectral kobold (D:5)
143 creatures vanquished.

Vanquished Creatures (others)
  5 plants (D:6)
5 creatures vanquished.

Grand Total: 148 creatures vanquished

Notes
Turn   | Place    | Note
-------+----------+-------------------------------------------
     0 | D:1      | Illumine the Demonspawn Gladiator began the quest for the
                  | Orb.
     0 | D:1      | Reached XP level 1. HP: 16/16 MP: 1/1
   131 | D:1      | Reached skill level 3 in Maces & Flails
   186 | D:1      | Gained mutation: You are partially covered in rugged brown
                  | scales. (AC +1, +3% HP) [demonic ancestry]
   186 | D:1      | Reached XP level 2. HP: 16/22 MP: 2/2
   405 | D:1      | Found a faded altar of an unknown god.
   610 | D:1      | Gained mutation: You are mostly covered in rugged brown
                  | scales. (AC +2, +5% HP) [demonic ancestry]
   610 | D:1      | Reached XP level 3. HP: 19/29 MP: 3/3
  1511 | D:2      | Reached XP level 4. HP: 34/34 MP: 4/4
  1550 | D:2      | Found Xuoqon's Weapon Emporium.
  1632 | D:2      | Reached skill level 1 in Armour
  2076 | D:3      | Reached skill level 4 in Maces & Flails
  2096 | D:3      | Found a snail-covered altar of Cheibriados.
  2461 | D:3      | Found a bloodstained altar of Trog.
  2665 | D:4      | Noticed a scorpion
  2670 | D:4      | Killed a scorpion
  2671 | D:4      | Reached XP level 5. HP: 43/43 MP: 5/5
  2774 | D:4      | Noticed a phantom
  2799 | D:4      | Killed a phantom
  2800 | D:4      | Gained mutation: Your demonic aura sometimes causes spilled
                  | blood to erupt in flames. [demonic ancestry]
  2800 | D:4      | Reached XP level 6. HP: 33/49 MP: 6/6
  2960 | D:4      | Noticed an ice beast
  2987 | D:4      | Killed an ice beast
  2988 | D:4      | Reached skill level 5 in Maces & Flails
  3414 | D:5      | Entered Level 5 of the Dungeon
  3540 | D:5      | Reached XP level 7. HP: 46/56 MP: 7/7
  3726 | D:5      | Reached skill level 1 in Shields
  3735 | D:5      | Found a hazy altar of Hepliaklqana.
  3778 | D:5      | Identified the +0 leather armour "Deyxok" {*Corrode Str+3
                  | SInv}
  3809 | D:5      | Found a sand-covered staircase.
  3824 | Ossuary  | Entered an ossuary
  3972 | Ossuary  | Reached skill level 6 in Maces & Flails
  4056 | Ossuary  | Reached XP level 8. HP: 43/64 MP: 8/8
  5151 | D:6      | Reached skill level 5 in Fighting
  5335 | D:6      | Reached skill level 7 in Maces & Flails
  5345 | D:6      | Killed from afar by an electric eel

Illustrated notes

Levels and vault maps discovered:
D:1:      psy_arrival_basics, layout_loops_ring,
          hellmonk_ecumenical_altar_crossroads
D:2:      layout_basic, serial_shops, shop
D:3:      layout_loops_corners, trog_book, slow_altar_1, saegor_snake_ambush
D:4:      layout_loops_ring
D:5:      layout_gridville, nicolae_hepliaklqana_monster_ancestors,
          serial_demonic, serial_demonic_f, serial_demonic_d, serial_demonic_b,
          serial_demonic_f, serial_demonic_c, serial_demonic_b,
          serial_demonic_g, gup_ossuary_entry_pyramid, kennysheep_nub
D:6:      layout_basic, temple_fountains, serial_bayou_ford_a,
          hellmonk_bongcloud_opening, hangedman_abyss_or_decor_stagger,
          nicolae_shop_gadgets

Skill      XL: |  1  2  3  4  5  6  7  8 |
---------------+-------------------------+-----
Maces & Flails | 3 4 5 6 7 |  7.0
Armour         | 1 2 3 4 |  4.0
Dodging        | 3 |  3.0
Fighting       | 3 4 5 |  5.2
Throwing       | 2 3 4 |  4.0
Shields        | 1 2 |  2.8

Action                     |  1- 3 |  4- 6 |  7- 9 || total
---------------------------+-------+-------+-------++-------
  Melee: Flail             |   124 |    81 |   293 ||   498
         Punch             |     1 |     1 |       ||     2
         Dire flail        |       |   132 |       ||   132
  Throw: Throwing net      |       |     1 |     1 ||     2
         Javelin           |       |       |     1 ||     1
    Use: Scroll            |       |     6 |     3 ||     9
   Stab: Sleeping          |     1 |       |       ||     1
 Armour: Leather armour    |    13 |       |       ||    13
         Ring mail         |    33 |    84 |    94 ||   211
  Dodge: Dodged            |    83 |   150 |   242 ||   475
  Block: Buckler           |       |     9 |    48 ||    57

Table legend: (Time is in decaauts)
 A = Elapsed time spent in this place.
 B = Non-inter-level travel time spent in this place.
 C = Inter-level travel time spent in this place.
 D = Time resting spent in this place.
 E = Time spent auto-exploring this place.
 F = Levels seen in this place.
 G = Mean time per level.
                   A        B        C        D        E       F      G
               +--------+--------+--------+--------+--------+-----+--------+
         Total |   5462 |   5245 |    217 |    566 |   3008 |   7 |  780.3 |
       Dungeon |   4755 |   4538 |    217 |    272 |   2959 |   6 |  792.5 |
       Ossuary |    707 |    707 |      0 |    294 |     49 |   1 |  707.0 |
               +--------+--------+--------+--------+--------+-----+--------+

Top non-repeatable levels by time:
     D:1: 1033 daAuts
     D:3: 1014 daAuts
     D:5: 974 daAuts
     D:4: 835 daAuts
 Ossuary: 707 daAuts
     D:2: 679 daAuts
     D:6: 217 daAuts
